 Dungeon Crawl Stone Soup version 0.16-a0-3074-gc0bb631 (webtiles) character file.

317 Ololoev the Poker (level 6, 0/47 HPs)
             Began as a Mummy Chaos Knight on Dec 11, 2014.
             Was a Plaything of Xom.
             Slain by an orc
             ... wielding a +0 club
              (2 damage)
             ... on level 4 of the Dungeon.
             The game lasted 00:07:04 (2378 turns).

Ololoev the Poker (Mummy Chaos Knight)              Turns: 2378, Time: 00:07:04

Health: 0/47       AC: 11    Str: 17    XL:     6   Next: 20%
Magic:  6/6        EV:  7    Int: 11    God:    Xom [..*...]
Gold:   181        SH:  0    Dex: 11    Spells: 0 memorised, 5 levels left

rFire  x . .     SeeInvis .     j - +0 trident
rCold  + . .     Clarity  .     h - +0 chain mail
rNeg   + + +     SustAb   .     (no shield)
rPois  ∞         Gourm    .     b - +0 helmet
rElec  .         Spirit   .     (no cloak)
rCorr  .         Warding  .     f - +0 pair of gloves (curse)
rMut   .         Stasis   .     (no boots)
MR     .....                    (no amulet)
Stlth  ..........               (no ring)
                                (no ring)

@: slowed, very slow, not resistant to hostile enchantments, extremely
unstealthy
A: no food or potions, fire vulnerability, restore body, cold resistance 1,
negative energy resistance 3, poison resistance, torment resistance, unbreathing
a: Renounce Religion


You were on level 4 of the Dungeon.
You worshipped Xom.
You were a toy of Xom.
You were not hungry.

You visited 1 branch of the dungeon, and saw 4 of its levels.

You collected 181 gold pieces.

Notes
Turn   | Place    | Note
--------------------------------------------------------------
     0 | D:1      | Ololoev, the Mummy Chaos Knight, began the quest for the Orb.
     0 | D:1      | Reached XP level 1. HP: 18/18 MP: 1/1
    68 | D:1      | XOM: harmless Necr miscast
   184 | D:1      | Reached XP level 2. HP: 24/24 MP: 2/2
   515 | D:1      | XOM: harmless Divn miscast
   570 | D:1      | Reached XP level 3. HP: 27/29 MP: 3/3
   590 | D:2      | Found a shattered altar of Ashenzari.
   695 | D:2      | XOM: harmless Pois miscast
   721 | D:2      | XOM: divination: detect creatures
   876 | D:2      | XOM: harmless Ice miscast
  1079 | D:2      | XOM: harmless Conj miscast
  1086 | D:2      | Reached XP level 4. HP: 32/35 MP: 4/4
  1387 | D:3      | XOM: smoke on damage
  1466 | D:3      | Reached XP level 5. HP: 18/41 MP: 5/5
  1656 | D:3      | Found a shimmering altar of Xom.
  1726 | D:3      | XOM: potion effect (haste)
  1760 | D:3      | Reached skill level 4 in Polearms
  1775 | D:3      | Noticed Grim's ghost (average DrIE)
  1783 | D:3      | XOM: summons 4 friendly demons
  1796 | D:3      | Killed Grim's ghost
  1796 | D:3      | XOM: medium Pois miscast
  1946 | D:3      | XOM: medium Fire miscast
  1955 | D:3      | Reached XP level 6. HP: 19/47 MP: 6/6
  2225 | D:3      | Found a white marble altar of Elyvilon.
  2228 | D:3      | Found a shadowy altar of Dithmenos.
  2230 | D:3      | Found a sparkling altar of Nemelex Xobeh.
  2230 | D:3      | Found a sacrificial altar of Ru.
  2230 | D:3      | Found a bloodstained altar of Trog.
  2373 | D:4      | XOM: confuse monster(s)
  2376 | D:4      | HP: 1/47 [orc wizard/dagger (2)]
  2378 | D:4      | Slain by an orc

Inventory:

Hand weapons
 j - a +0 trident (weapon)
Armour
 b - a +0 helmet (worn)
 f - a cursed +0 pair of gloves (worn)
 h - a +0 chain mail (worn)
Scrolls
 a - a scroll of identify {unknown}
 c - a scroll of noise {unknown}
 d - a scroll of remove curse {unknown}
 e - a scroll of fog {unknown}
 g - a scroll of immolation {unknown}
 i - 2 scrolls of fear {unknown}
 k - a scroll of amnesia {unknown}

Table legend:
 A = Turns spent in this place as a percentage of turns spent in the entire game.
 B = Non-inter-level travel turns spent in this place as a percentage of non-inter-level travel turns spent in the entire game.
 C = Inter-level travel turns spent in this place as a percentage of turns spent in this place.
 D = Turns resting spent in this place as a percentage of non-inter-level travel turns spent in this place.
 E = Turns spent auto-exploring this place as a percentage of non-inter-level travel turns spent in this place.
 F = Non-inter-level travel turns spent in this place divided by the number of levels of this place that you've seen.
                   A       B       C       D       E      F
               +-------+-------+-------+-------+-------+----------------------
         Total | 100.0 | 100.0 |   0.6 |   1.7 |   9.1 | 277.8
       Dungeon | 100.0 | 100.0 |   0.6 |   1.7 |   9.1 | 277.8
               +-------+-------+-------+-------+-------+----------------------


   Skills:
 - Level 3.0 Fighting
 + Level 4.5 Polearms
 + Level 3.9 Armour
 - Level 0.7 Dodging


You had 5 spell levels left.
You didn't know any spells.

Dungeon Overview and Level Annotations

Branches:
Dungeon (4/15)
 Temple: D:4-7

Altars:
Ashenzari
Dithmenos
Elyvilon
Nemelex Xobeh
Ru
Trog
Xom


Innate Abilities, Weirdness & Mutations

You do not eat or drink.
Your flesh is vulnerable to fire.
Your flesh is cold resistant.
You are immune to negative energy.
Your system is resistant to poisons.
You are immune to unholy pain and torment.
You can survive without breathing.


Message History

The orc wizard is heavily wounded.
The orc wizard hits you but does no damage.
The orc completely misses you.
The orc wizard gestures wildly while chanting.
The orc wizard blinks!
The orc barely misses you. The orc barely misses you.
The orc wizard hits you but does no damage.
You barely miss the orc wizard.
The orc wizard is heavily wounded. "Heh heh heh..."
The orc wizard looks rather confused.
The orc looks rather confused.
The orc looks rather confused.
The orc wizard seems less confused.
The orc wizard hits you but does no damage.
The orc hits the orc but does no damage.
The orc wizard hits you but does no damage.
The orc hits itself with a flail.
The orc wizard barely misses you.
You hit the orc wizard.
The orc wizard is severely wounded.
The orc seems less confused.
The orc hits you with a club. The orc wizard closely misses you.
The orc hits you but does no damage.
The orc wizard hits you but does no damage.
You barely miss the orc wizard.
The orc wizard is severely wounded.
The orc wizard barely misses you. x2
The orc hits you but does no damage.
You hit the orc wizard but do no damage.
The orc wizard is severely wounded.
The orc wizard hits you but does no damage.
The orc wizard hits you with a dagger. The orc hits you but does no damage.
The orc wizard hits you with a dagger. The orc hits you but does no damage.
Your chain mail prevents you from hitting the orc wizard.
The orc wizard is severely wounded.
The orc wizard hits you but does no damage.
The orc hits you but does no damage.
The orc wizard hits you but does no damage.
You closely miss the orc wizard.
The orc wizard is severely wounded.
The orc seems less confused.
The orc wizard hits you but does no damage.
The orc hits you with a club.
You die...

##### #....
###############..#
#####.............o..#...
#........)..#...........#
#.......%o..#...........#
#.....o..@o.#...........#
##...........########..#.#
..............# ..# ..
...####'###### .## # #.#
.. #.####### ##
####.......# +....<.....+
####...!...#


You could see an orc wizard and 2 orcs.

Table legend:
 A = Kills in this place as a percentage of kills in entire the game.
 B = Kills by you in this place as a percentage of kills by you in the entire game.
 C = Kills by friends in this place as a percentage of kills by friends in the entire game.
 D = Other kills in this place as a percentage of other kills in the entire game.
 E = Experience gained in this place as a percentage of experience gained in the entire game.
 F = Experience gained in this place divided by the number of levels of this place that you have seen.
                   A       B       C       D       E      F
               +-------+-------+-------+-------+-------+----------------------
         Total | 100.0 | 100.0 |  -nan |  -nan | 100.0 | 113.2
       Dungeon | 100.0 | 100.0 |  -nan |  -nan | 100.0 | 113.2
               +-------+-------+-------+-------+-------+----------------------

Vanquished Creatures
  The ghost of Grim the Chiller, an average DrIE (D:3)
  An orc priest (D:4)
  6 gnolls (D:3)
  6 adders
  2 worms
  5 giant geckos
  2 orcs (D:3)
  3 giant cockroaches
  5 hobgoblins
  6 jackals
  9 bats
  3 giant newts
  7 goblins
  12 kobolds
  9 rats
77 creatures vanquished.

Vanquished Creatures (others)
  An ufetubus (D:3)
1 creature vanquished.

Grand Total: 78 creatures vanquished

Action                   |  1- 3 |  4- 6 || total
-------------------------+-------+-------++-------
Melee: Spear             |   150 |   105 ||   255
       Trident           |       |   105 ||   105
 Stab: Distracted        |       |     2 ||     2

Vault maps used:
D:1:      roderic_crop_circles_arrival_small
D:2:      lemuel_round_altar
D:3:      grunt_temple_overflow_open
